 Dungeon Crawl Stone Soup version 0.27.0-1-g7a089689b8 (webtiles) character file.

Game seed: 1011186387077765084

1114 HungrySpirit the Fighter (level 7, -5/68 HPs)
             Began as a Demigod Summoner on Aug 1, 2021.
             Slain by a two-headed ogre (19 damage)
             ... on level 6 of the Dungeon.
             The game lasted 00:11:58 (8612 turns).

HungrySpirit the Fighter (Demigod Summoner)         Turns: 8612, Time: 00:11:59

Health: -5/68      AC:  9    Str: 13    XL:     7   Next: 87%
Magic:  12/12      EV:  6    Int: 17    God:
Gold:   265        SH:  0    Dex: 18    Spells: 8/9 levels left

rFire    + . .     SeeInvis .   e - +1 dagger (venom)
rCold    + . .     Faith    .   (no shield)
rNeg     . . .     Spirit   .   l - +0 chain mail
rPois    .         Reflect  .   (no helmet)
rElec    .         Harm     .   a - scarf {rC+ rF+}
rCorr    .         Rampage  .   o - +0 pair of gloves
Will     .....                  (no boots)
Stlth    ..........             (no amulet)
HPRegen  0.21/turn              (no ring)
MPRegen  0.13/turn              (no ring)

@: no status effects
A: high mp 1, forlorn
a: no special abilities


You were on level 6 of the Dungeon.
You visited 1 branch of the dungeon, and saw 6 of its levels.
You also visited: Sewer.

You collected 265 gold pieces.

Inventory:

Hand Weapons
 c - a +0 shortbow
 e - a +1 dagger of venom (weapon)
 h - a +1 dagger of draining
Missiles
 g - 102 arrows
 k - 31 poisoned darts (quivered)
 B - a throwing net
Armour
 a - a scarf of resistance (worn)
 l - a +0 chain mail (worn)
 o - a +0 pair of gloves (worn)
Wands
 p - a wand of paralysis (3)
 t - a wand of iceblast (7)
Scrolls
 b - a scroll of silence {unknown}
 d - 2 scrolls of fog {unknown}
 f - 2 scrolls of noise {unknown}
 i - a scroll of vulnerability {unknown}
 m - a scroll of blinking {unknown}
 n - a scroll of holy word {unknown}
 q - 2 scrolls of teleportation {unknown}
 r - 2 scrolls of fear {unknown}
 v - 2 scrolls of identify {unknown}
 w - a scroll of enchant weapon {unknown}
 y - 2 scrolls of enchant armour {unknown}
 z - a scroll of magic mapping {unknown}
 A - a scroll of summoning {unknown}
Potions
 j - a potion of attraction {unknown}
 s - a potion of magic {unknown}
 u - a potion of curing {unknown}
 x - a potion of haste {unknown}


   Skills:
 + Level 8.0 Fighting
 * Level 2.4 Short Blades
 + Level 1.5 Armour
 - Level 1.7 Dodging
 - Level 1.7 Stealth
 - Level 1.7 Spellcasting
 - Level 3.6 Summonings


You had 8 spell levels left.
You knew the following spells:

 Your Spells              Type           Power      Damage    Failure   Level
a - Summon Small Mammal   Summ           52%        N/A       83%         1

Your spell library contained the following spells:

 Spells                   Type           Power      Damage    Failure   Level
 Call Imp                 Summ           13%        N/A       93%         2
 Call Canine Familiar     Summ           13%        N/A       99%         3
 Summon Guardian Golem    Hex/Summ       7%         N/A       100%        3
 Summon Lightning Spire   Summ/Air       7%         N/A       100%        4


Dungeon Overview and Level Annotations

Branches:
Dungeon (6/15)              Sewer (visited)
 Temple: D:4-7

Shops:
D:1 :   D:5 (


Innate Abilities, Weirdness & Mutations

Your attributes grow dramatically as you level up.
You have an increased reservoir of magic. (+10% MP)
You shall have no god before yourself.


Message History

You throw a poisoned dart.
The poisoned dart hits the two-headed ogre.
The two-headed ogre is poisoned.
Throw: 35 darts (poison)
Press: ? - help, Q - select action, (/) - cycle Shift-Dir - straight line, f/p - two-headed ogre
Aim: a two-headed ogre, wielding a +0 giant club and a +0 giant spiked club (poisoned, 77% to hit)
You throw a poisoned dart.
The poisoned dart hits the two-headed ogre.
The two-headed ogre looks even sicker.
Throw: 34 darts (poison)
Press: ? - help, Q - select action, (/) - cycle Shift-Dir - straight line, f/p - two-headed ogre
Aim: a two-headed ogre, wielding a +0 giant club and a +0 giant spiked club (very poisoned, 77% to hit)
You throw a poisoned dart.
The poisoned dart completely misses the two-headed ogre.
Throw: 33 darts (poison)
Press: ? - help, Q - select action, (/) - cycle Shift-Dir - straight line, f/p - two-headed ogre
Aim: a two-headed ogre, wielding a +0 giant club and a +0 giant spiked club (lightly wounded, very poisoned, 78% to hit)
You throw a poisoned dart.
The poisoned dart hits the two-headed ogre.
The two-headed ogre looks even sicker.
The two-headed ogre is lightly wounded.
Throw: 32 darts (poison)
Press: ? - help, Q - select action, (/) - cycle Shift-Dir - straight line, f/p - two-headed ogre
Aim: a two-headed ogre, wielding a +0 giant club and a +0 giant spiked club (lightly wounded, very poisoned, 78% to hit)
You throw a poisoned dart.
The poisoned dart hits the two-headed ogre.
The two-headed ogre looks as sick as possible!
The two-headed ogre is lightly wounded.
You hit the two-headed ogre.
The two-headed ogre looks as sick as possible!
The two-headed ogre is lightly wounded.
You hit the two-headed ogre.
The two-headed ogre looks as sick as possible!
The two-headed ogre is moderately wounded.
The two-headed ogre hits you with a +0 giant club!!
The two-headed ogre hits you with a +0 giant spiked club!
The two-headed ogre hits you with a +0 giant club!
* * * LOW HITPOINT WARNING * * *
The two-headed ogre hits you with a +0 giant spiked club!!
You die...

################
...............# #######
##############.###.....#
.# #...@......# .#
#....O.....# ########
#...≈≈≈....# #......#
#..≈≈≈≈≈...#
#......#####..≈≈.≈≈...#
.#.....>.......≈≈≈≈≈...#
................≈≈≈....#
.......#.####..........#
..(.((((...............#


You could see a two-headed ogre (very poisoned).

Vanquished Creatures
  A water moccasin (D:6)
  2 ogres (D:5)
  A centaur (D:5)
  A kobold brigand (D:5)
  2 jellies
  An orc priest (D:4)
  4 hounds
  Natasha (thrice) (D:4)
  2 centaur skeletons
  An iguana (D:4)
  3 orc wizards
  A hound skeleton (D:4)
  5 adders
  6 river rats (Sewer)
  2 white imps (D:5)
  An adder skeleton (D:4)
  A worm (D:2)
  2 dart slugs
  11 orcs
  6 endoplasms
  3 giant cockroaches
  6 goblins
  4 hobgoblins
  4 jackals (D:3)
  2 quokkas
  6 ball pythons
  8 bats
  9 frilled lizards
  8 kobolds
  21 rats
127 creatures vanquished.

Vanquished Creatures (collateral kills)
  A dart slug (D:1)
  4 jackals (D:1)
  A frilled lizard (D:1)
6 creatures vanquished.

Grand Total: 133 creatures vanquished

Notes
Turn   | Place    | Note
-------+----------+-------------------------------------------
     0 | D:1      | HungrySpirit the Demigod Summoner began the quest for the
                  | Orb.
     0 | D:1      | Reached XP level 1. HP: 14/14 MP: 5/5
   273 | D:1      | Reached skill level 1 in Fighting
   482 | D:1      | Found Wozoqouq's Book Boutique.
   592 | D:1      | Reached XP level 2. HP: 23/23 MP: 7/7
  1186 | D:1      | Reached skill level 2 in Fighting
  1904 | D:2      | Reached XP level 3. HP: 29/30 MP: 8/8
  2272 | D:2      | Reached skill level 3 in Fighting
  2929 | D:3      | Reached XP level 4. HP: 31/40 MP: 9/9
  3084 | D:3      | Noticed a necrophage
  4112 | D:3      | Reached skill level 4 in Fighting
  4305 | D:4      | Noticed Natasha
  4322 | D:4      | Killed Natasha
  4538 | D:4      | Reached XP level 5. HP: 46/47 MP: 10/10
  4601 | D:4      | Reached skill level 5 in Fighting
  4687 | D:4      | Noticed Natasha
  4693 | D:4      | Killed Natasha
  4778 | D:4      | Noticed Natasha
  4787 | D:4      | Killed Natasha
  5290 | D:5      | Entered Level 5 of the Dungeon
  5802 | D:4      | Reached XP level 6. HP: 37/57 MP: 11/11
  5926 | D:5      | Reached skill level 6 in Fighting
  6324 | D:5      | Reached skill level 7 in Fighting
  6507 | D:5      | Reached XP level 7. HP: 63/66 MP: 12/12
  7011 | D:5      | Found Soprah's Antique Weapon Boutique.
  7283 | D:6      | Found a glowing drain.
  7304 | Sewer    | Entered a sewer
  7521 | Sewer    | Reached skill level 1 in Short Blades
  8018 | D:6      | Reached skill level 1 in Armour
  8130 | D:6      | Reached skill level 8 in Fighting
  8585 | D:6      | Noticed a two-headed ogre
  8612 | D:6      | Slain by a two-headed ogre

Illustrated notes

Levels and vault maps discovered:
D:1:      lightli_iron_boxes, layout_loops_ring,
          shapermc_ecumenical_altar_hornbeckon, serial_shops, shop
D:2:      layout_loops_ring, minmay_misc_feat_cross
D:3:      layout_basic, minmay_misc_feat_hallway
D:4:      layout_loops_cross, uniq_natasha
D:5:      layout_cave_pools, nicolae_uskayaw_suspiria, serial_shops, shop_coins
D:6:      layout_basic, gammafunk_ghost_gnarly_gnolls, portal_sewer_entry_a,
          kennysheep_generic_room_16

Skill      XL: |  1  2  3  4  5  6  7 |
---------------+----------------------+-----
Fighting       | 1 2 3 4 5 7 8 |  8.0
Short Blades   | 2 |  2.4
Armour         | 1 |  1.5
Dodging        | |  1.7
Stealth        | |  1.7
Spellcasting   | |  1.7
Summonings     | |  3.6

Action                   |  1- 3 |  4- 6 |  7- 9 || total
-------------------------+-------+-------+-------++-------
Melee: Dagger            |   174 |   224 |   174 ||   572
       Unarmed           |     1 |       |       ||     1
 Fire: Shortbow          |     6 |       |       ||     6
Throw: Dart              |     3 |    19 |    17 ||    39
 Cast: Summon Small Mamm |    18 |       |       ||    18
  Use: Potion            |       |       |     2 ||     2
 Stab: Sleeping          |     2 |       |       ||     2
Armor: Robe              |    32 |       |       ||    32
       Chain mail        |    10 |   158 |   107 ||   275
Dodge: Dodged            |   135 |    59 |    68 ||   262
